PCL
ALBUQUERQUE ISOTOPES @ MEXICO CITY CERVECEROS
09/22/2026
 
TOP OF THE 1ST
Albuquerque Isotopes batting - Pitching for Mexico City Cerveceros : LHP Matt Parker
Pitching: LHP Matt Parker
Batting: RHB Dave Mullen 0-0: Called Strike
0-1: Swinging Strike
0-2: Fly out, F9 (Flyball, 9D)
Batting: RHB Alden Isenhood 0-0: Called Strike
0-1: Ball
1-1: SINGLE (Line Drive, 9S)
Batting: RHB Lorenzo Ayala 0-0: Ball
1-0: Called Strike
1-1: Called Strike
1-2: Ball
2-2: Strikes out swinging
Batting: SHB Lee Townsend 0-0: Ball
1-0: Called Strike
1-1: Ball
2-1: Foul Ball, location: 2F
2-2: Ball
3-2: Strikes out swinging
Top of the 1st over - 0 run(s), 1 hit(s), 0 error(s), 1 left on base; Albuquerque 0 - Mexico City 0
BOTTOM OF THE 1ST
Mexico City Cerveceros batting - Pitching for Albuquerque Isotopes : RHP Jesús Silva
Pitching: RHP Jesús Silva
Batting: LHB Roberto Lozano 0-0: Ball
1-0: Called Strike
1-1: Swinging Strike
1-2: Ball
2-2: Ground out 4-3 (Groundball, 34)
Batting: LHB Gary Kern 0-0: Foul Ball, location: 2F
0-1: Ball
1-1: Ground out 1-3 (Groundball, 25)
Batting: LHB Eduardo Gómez 0-0: SINGLE (Line Drive, 9S)
Batting: RHB Dennis Stephenson 0-0: Ball
1-0: Called Strike
1-1: Ball
2-1: Swinging Strike
2-2: TRIPLE (Line Drive, 89D)
Eduardo Gómez scores
Batting: LHB Luis Espinoza 0-0: Ball
1-0: Ball
2-0: Ball
3-0: Base on Balls
Batting: RHB Dave Morgan 0-0: Called Strike
0-1: Called Strike
0-2: Ball
1-2: Strikes out swinging
Bottom of the 1st over - 1 run(s), 2 hit(s), 0 error(s), 2 left on base; Albuquerque 0 - Mexico City 1
TOP OF THE 2ND
Albuquerque Isotopes batting - Pitching for Mexico City Cerveceros : LHP Matt Parker
Batting: LHB Juan Carlos Sánchez 0-0: Ball
1-0: Swinging Strike
1-1: Fly out, F6 (Line Drive, 6)
Batting: LHB Bernardo Montés 0-0: Called Strike
0-1: Called Strike
0-2: Ball
1-2: Foul Ball, location: 2F
1-2: Ground out 4-3 (Groundball, 13)
Batting: RHB Sadayoshi Kato 0-0: Called Strike
0-1: Ball
1-1: Called Strike
1-2: Ball
2-2: Foul Ball, location: 2F
2-2: Ball
3-2: Foul Ball, location: 2F
3-2: Foul Ball, location: 2F
3-2: Base on Balls
Batting: RHB Arturo García 0-0: Ball
1-0: Ball
2-0: Ball
3-0: Base on Balls
Sadayoshi Kato to second
Batting: LHB Héctor Cruz 0-0: Foul Ball, location: 2F
0-1: Fly out, F8 (Flyball, 8RD)
Top of the 2nd over - 0 run(s), 0 hit(s), 0 error(s), 2 left on base; Albuquerque 0 - Mexico City 1
BOTTOM OF THE 2ND
Mexico City Cerveceros batting - Pitching for Albuquerque Isotopes : RHP Jesús Silva
Batting: SHB George Adams 0-0: Called Strike
0-1: Swinging Strike
0-2: Ball
1-2: Ball
2-2: Foul Ball, location: 2F
2-2: Foul Ball, location: 2F
2-2: Foul Ball, location: 2F
2-2: Foul Ball, location: 2F
2-2: Foul Ball, location: 2F
2-2: Ball
3-2: Base on Balls
Batting: RHB Claudio Souza 0-0: Called Strike
0-1: Foul Ball, location: 2F
0-2: Foul Ball, location: 2F
0-2: Strikes out swinging
Batting: RHB Henning Huisman 0-0: DOUBLE (Flyball, 89D)
George Adams to third
Runner from 3rd tries for Home, SAFE, no throw or cutoff
Batting: LHB Roberto Lozano 0-0: Called Strike
0-1: Foul Ball, location: 2F
0-2: Ball
1-2: Foul Ball, location: 2F
1-2: SINGLE (Groundball, 6MD)
Henning Huisman to third
Batting: LHB Gary Kern 0-0: Called Strike
0-1: 3-RUN HOME RUN (Flyball, 78XD), Distance : 410 ft
Batting: LHB Eduardo Gómez 0-0: Called Strike
0-1: Ball
1-1: Ball
2-1: Ball
3-1: Base on Balls
Batting: RHB Dennis Stephenson 0-0: Foul Ball, location: 2F
0-1: Ball
1-1: Ball
2-1: 2-RUN HOME RUN (Flyball, 7D), Distance : 348 ft
Batting: LHB Luis Espinoza 0-0: Called Strike
0-1: SINGLE (Line Drive, 6D)
Batting: RHB Dave Morgan 0-0: Ball
1-0: Foul Ball, location: 2F
1-1: Ball
2-1: Foul Ball, location: 2F
2-2: Strikes out swinging
Luis Espinoza is caught stealing 2nd base
Batter strikes out.
Bottom of the 2nd over - 6 run(s), 5 hit(s), 0 error(s), 0 left on base; Albuquerque 0 - Mexico City 7
TOP OF THE 3RD
Albuquerque Isotopes batting - Pitching for Mexico City Cerveceros : LHP Matt Parker
Batting: RHB Dave Mullen 0-0: Ball
1-0: Called Strike
1-1: Ball
2-1: Foul Ball, location: 2F
2-2: Strikes out swinging
Batting: RHB Alden Isenhood 0-0: Ground out 4-3 (Groundball, 4M)
Batting: RHB Lorenzo Ayala 0-0: Swinging Strike
0-1: Ball
1-1: Ball
2-1: SOLO HOME RUN (Flyball, 89D), Distance : 387 ft
Batting: SHB Lee Townsend 0-0: Ball
1-0: Ball
2-0: Ball
3-0: Called Strike
3-1: Fly out, F7 (Flyball, 78S)
Top of the 3rd over - 1 run(s), 1 hit(s), 0 error(s), 0 left on base; Albuquerque 1 - Mexico City 7
BOTTOM OF THE 3RD
Mexico City Cerveceros batting - Pitching for Albuquerque Isotopes : RHP Jesús Silva
Batting: SHB George Adams 0-0: Ball
1-0: Ball
2-0: Called Strike
2-1: Ball
3-1: Base on Balls
Batting: RHB Claudio Souza 0-0: Foul Ball, location: 2F
0-1: Ball
1-1: Ball
2-1: Swinging Strike
2-2: Foul Ball, location: 2F
2-2: Foul Ball, location: 2F
2-2: Strikes out looking
Batting: RHB Henning Huisman 0-0: Ball
George Adams steals 2nd base
1-0: Ball
2-0: Ball
3-0: Base on Balls
Batting: LHB Roberto Lozano 0-0: Ball
George Adams is caught stealing 3rd base
Henning Huisman to second
1-0: Called Strike
1-1: Ball
2-1: Ball
3-1: Called Strike
3-2: Ground out 4-3 (Groundball, 4)
Bottom of the 3rd over - 0 run(s), 0 hit(s), 0 error(s), 1 left on base; Albuquerque 1 - Mexico City 7
TOP OF THE 4TH
Albuquerque Isotopes batting - Pitching for Mexico City Cerveceros : LHP Matt Parker
Batting: LHB Juan Carlos Sánchez 0-0: Called Strike
0-1: Called Strike
0-2: Ground out 6-3 (Groundball, 6)
Batting: LHB Bernardo Montés 0-0: Called Strike
0-1: Fly out, F9 (Line Drive, 9D)
Batting: RHB Sadayoshi Kato 0-0: Foul Ball, location: 2F
0-1: Ball
1-1: Ball
2-1: Foul Ball, location: 2F
2-2: Ground out 1-3 (Groundball, 15)
Top of the 4th over - 0 run(s), 0 hit(s), 0 error(s), 0 left on base; Albuquerque 1 - Mexico City 7
BOTTOM OF THE 4TH
Mexico City Cerveceros batting - Pitching for Albuquerque Isotopes : RHP Jesús Silva
Pitching: RHP Juan Marín
Batting: LHB Gary Kern 0-0: Foul Ball, location: 2F
0-1: Swinging Strike
0-2: Ball
1-2: Ball
2-2: Fly out, F7 (Flyball, 7LM)
Batting: LHB Eduardo Gómez 0-0: Ball
1-0: Called Strike
1-1: Ball
2-1: Swinging Strike
2-2: Ball
3-2: Base on Balls
Batting: RHB Dennis Stephenson 0-0: Called Strike
0-1: Ball
1-1: Ground out 3-1 (Groundball, 34S)
Eduardo Gómez to second
Batting: LHB Luis Espinoza 0-0: Ball
1-0: Ground out 1-3 (Groundball, 13)
Bottom of the 4th over - 0 run(s), 0 hit(s), 0 error(s), 1 left on base; Albuquerque 1 - Mexico City 7
TOP OF THE 5TH
Albuquerque Isotopes batting - Pitching for Mexico City Cerveceros : LHP Matt Parker
Batting: RHB Arturo García 0-0: Ball
1-0: Called Strike
1-1: Foul Ball, location: 2F
1-2: Ground out 6-3 (Groundball, 6)
Batting: LHB Héctor Cruz 0-0: Called Strike
0-1: Swinging Strike
0-2: Strikes out swinging
Batting: RHB Dave Mullen 0-0: Foul Ball, location: 2F
0-1: Ball
1-1: Ball
2-1: Foul Ball, location: 2F
2-2: Ball
3-2: Foul Ball, location: 2F
3-2: SOLO HOME RUN (Flyball, 89XD), Distance : 399 ft
Batting: RHB Alden Isenhood 0-0: Ball
1-0: SOLO HOME RUN (Line Drive, 78XD), Distance : 392 ft
Batting: RHB Lorenzo Ayala 0-0: Called Strike
0-1: Ball
1-1: Foul Ball, location: 2F
1-2: Ball
2-2: Ground out 6-3 (Groundball, 6)
Top of the 5th over - 2 run(s), 2 hit(s), 0 error(s), 0 left on base; Albuquerque 3 - Mexico City 7
BOTTOM OF THE 5TH
Mexico City Cerveceros batting - Pitching for Albuquerque Isotopes : RHP Juan Marín
Batting: RHB Dave Morgan 0-0: Ball
1-0: Foul Ball, location: 2F
1-1: Foul Ball, location: 2F
1-2: SOLO HOME RUN (Line Drive, 7D), Distance : 367 ft
Batting: SHB George Adams 0-0: Ball
1-0: Ball
2-0: Swinging Strike
2-1: Called Strike
2-2: Ball
3-2: Base on Balls
Batting: RHB Claudio Souza 0-0: Ball
1-0: Foul Ball, location: 2F
1-1: Fielders Choice at 2nd, 5-4 (Groundball, 5L)
Batting: RHB Henning Huisman 0-0: Ball
Pickoff Throw to First - Error! E1
Claudio Souza to second
1-0: Ball
2-0: Foul Ball, location: 2F
2-1: Ground out 5-3 (Groundball, 56S)
Claudio Souza to third
Batting: LHB Roberto Lozano 0-0: Fly out, F7 (Line Drive, 7M)
Bottom of the 5th over - 1 run(s), 1 hit(s), 1 error(s), 1 left on base; Albuquerque 3 - Mexico City 8
TOP OF THE 6TH
Albuquerque Isotopes batting - Pitching for Mexico City Cerveceros : LHP Matt Parker
Batting: SHB Lee Townsend 0-0: Called Strike
0-1: Ball
1-1: TRIPLE (Flyball, 89M)
Batting: LHB Juan Carlos Sánchez 0-0: Ball
1-0: DOUBLE (Line Drive, 5L)
Lee Townsend scores
Pitching: RHP Darryl Carter
Batting: LHB Bernardo Montés 0-0: Called Strike
0-1: Foul Ball, location: 2F
0-2: Ball
1-2: Ball
2-2: Ball
3-2: Base on Balls
Batting: RHB Sadayoshi Kato 0-0: Called Strike
0-1: Foul Ball, location: 2F
0-2: SINGLE (Line Drive, 56D)
Juan Carlos Sánchez to third
Bernardo Montés to second
Batting: RHB Arturo García 0-0: Swinging Strike
0-1: Ball
1-1: Ball
2-1: Ball
3-1: Base on Balls
Juan Carlos Sánchez scores
Bernardo Montés to third
Sadayoshi Kato to second
Batting: LHB Héctor Cruz 0-0: Swinging Strike
0-1: SINGLE (Line Drive, 8LS)
Bernardo Montés scores
Sadayoshi Kato to third
Arturo García to second
Batting: RHB Dave Mullen 0-0: Ball
1-0: Ball
2-0: Grounds into double play, 4-6-3 (Groundball, 4)
Sadayoshi Kato scores
Arturo García to third
Batting: RHB Alden Isenhood 0-0: 2-RUN HOME RUN (Flyball, 7D) (Inside the Park)
Pitching: RHP Raúl Gómez
Batting: RHB Lorenzo Ayala 0-0: Swinging Strike
0-1: Ball
1-1: Foul Ball, location: 2F
1-2: Foul Ball, location: 2F
1-2: Foul Ball, location: 2F
1-2: Ball
2-2: Foul Ball, location: 2F
2-2: Foul Ball, location: 2F
2-2: Strikes out swinging
Top of the 6th over - 6 run(s), 5 hit(s), 0 error(s), 0 left on base; Albuquerque 9 - Mexico City 8
BOTTOM OF THE 6TH
Mexico City Cerveceros batting - Pitching for Albuquerque Isotopes : RHP Juan Marín
Batting: LHB Gary Kern 0-0: Called Strike
0-1: Swinging Strike
0-2: Ball
1-2: Ball
2-2: Strikes out swinging
Batting: LHB Eduardo Gómez 0-0: Ball
1-0: Swinging Strike
1-1: Foul Ball, location: 2F
1-2: Ground out 4-3 (Groundball, 4M)
Batting: RHB Dennis Stephenson 0-0: Ball
1-0: Ball
2-0: Ball
3-0: Base on Balls
Batting: LHB Luis Espinoza 0-0: DOUBLE (Line Drive, 89XD)
Dennis Stephenson to third
Runner from 3rd tries for Home, SAFE, throw made home
Batting: RHB Dave Morgan 0-0: Fly out, F3 (Popup, 3SF)
Bottom of the 6th over - 1 run(s), 1 hit(s), 0 error(s), 1 left on base; Albuquerque 9 - Mexico City 9
TOP OF THE 7TH
Albuquerque Isotopes batting - Pitching for Mexico City Cerveceros : RHP Raúl Gómez
Batting: SHB Lee Townsend 0-0: Ball
1-0: Ball
2-0: Ball
3-0: Called Strike
3-1: Base on Balls
Batting: LHB Juan Carlos Sánchez 0-0: Swinging Strike
0-1: Swinging Strike
0-2: Ball
1-2: Ball
2-2: Ball
3-2: Base on Balls
Lee Townsend to second
Batting: LHB Bernardo Montés 0-0: Ball
1-0: Foul Ball, location: 2F
1-1: Ball
2-1: Called Strike
2-2: Strikes out swinging
Pinch Hitting: LHB Mark Vestal Pickoff Throw to Second - Error! E1
Lee Townsend to third
Juan Carlos Sánchez to second
0-0: Foul Ball, location: 2F
0-1: Ball
1-1: Ball
2-1: Ball
3-1: Called Strike
3-2: Base on Balls
Pinch Hitting: LHB Fernando Ortíz 0-0: Ball
1-0: Ball
2-0: Called Strike
2-1: Fly out, F4 (Popup, 4D)
Batting: LHB Héctor Cruz 0-0: Ball
1-0: Foul Ball, location: 2F
1-1: Foul Ball, location: 2F
1-2: Foul Ball, location: 2F
1-2: Foul Ball, location: 2F
1-2: Ball
2-2: Ground out 5-3 (Groundball, 5)
Top of the 7th over - 0 run(s), 0 hit(s), 1 error(s), 3 left on base; Albuquerque 9 - Mexico City 9
BOTTOM OF THE 7TH
Mexico City Cerveceros batting - Pitching for Albuquerque Isotopes : RHP Juan Marín
Pitching: RHP Howard Joyce
Now at 3B: Juan Alberto
Now in LF: Mark Vestal
Pinch Hitting: RHB Murai Ishihara 0-0: Ball
1-0: Called Strike
1-1: Ground out 5-3 (Groundball, 56)
Pinch Hitting: LHB Domingo Cardona 0-0: Foul Ball, location: 2F
0-1: Called Strike
0-2: Strikes out looking
Pinch Hitting: LHB John Nicholson 0-0: Foul Ball, location: 2F
0-1: Ground out 3-1 (Groundball, 34)
Bottom of the 7th over - 0 run(s), 0 hit(s), 0 error(s), 0 left on base; Albuquerque 9 - Mexico City 9
TOP OF THE 8TH
Albuquerque Isotopes batting - Pitching for Mexico City Cerveceros : RHP Raúl Gómez
Now at 2B: Murai Ishihara
Now at 3B: Robinson Pacheco
Now in LF: Domingo Cardona
Batting: RHB Dave Mullen 0-0: Called Strike
0-1: Ball
1-1: Ball
2-1: Called Strike
2-2: Reached on error, E6 (Groundball, 6M)
Batting: RHB Alden Isenhood 0-0: Ball
1-0: Ball
2-0: Sac Bunt - play at first, batter OUT! 1-4
Dave Mullen to third
Pinch Hitting: SHB Tony McLaughlin 0-0: Called Strike
0-1: Ball
1-1: Ball
2-1: Foul Ball, location: 2F
2-2: Foul Ball, location: 2F
2-2: Ball
3-2: Base on Balls
Pitching: RHP Gil Dickson
Batting: SHB Lee Townsend 0-0: Called Strike
0-1: Foul Ball, location: 2F
0-2: Strikes out looking
Batting: LHB Juan Carlos Sánchez 0-0: Fly out, F5 (Popup, 5SF)
Top of the 8th over - 0 run(s), 0 hit(s), 1 error(s), 2 left on base; Albuquerque 9 - Mexico City 9
BOTTOM OF THE 8TH
Mexico City Cerveceros batting - Pitching for Albuquerque Isotopes : RHP Howard Joyce
Now in CF: Tony McLaughlin
Batting: LHB Roberto Lozano 0-0: Fly out, F9 (Flyball, 9S)
Batting: LHB Gary Kern 0-0: Foul Ball, location: 2F
0-1: Ball
1-1: Ball
2-1: Fly out, F8 (Flyball, 8LM)
Batting: LHB Eduardo Gómez 0-0: Foul Ball, location: 2F
0-1: Ball
1-1: Ball
2-1: SINGLE (Line Drive, 9S)
Batting: RHB Dennis Stephenson 0-0: Ball
1-0: Called Strike
1-1: 2-RUN HOME RUN (Flyball, 7D), Distance : 343 ft
Batting: LHB Luis Espinoza 0-0: Ball
1-0: Ball
2-0: Swinging Strike
2-1: Foul Ball, location: 2F
2-2: Ground out 4-3 (Groundball, 4)
Bottom of the 8th over - 2 run(s), 2 hit(s), 0 error(s), 0 left on base; Albuquerque 9 - Mexico City 11
TOP OF THE 9TH
Albuquerque Isotopes batting - Pitching for Mexico City Cerveceros : RHP Gil Dickson
Pitching: RHP Jonathan Long
Now at C: Fernando Garza
Batting: LHB Bernardo Montés 0-0: Swinging Strike
0-1: Swinging Strike
0-2: Fly out, F9 (Flyball, 9D)
Batting: LHB Mark Vestal 0-0: Ball
1-0: Ball
2-0: Ball
3-0: Ground out 3-1 (Groundball, 34)
Batting: RHB Juan Alberto 0-0: Called Strike
0-1: SINGLE (Line Drive, 56)
Batting: LHB Héctor Cruz 0-0: Foul Ball, location: 2F
0-1: Ball
1-1: Fly out, F9 (Flyball, 89M)
Top of the 9th over - 0 run(s), 1 hit(s), 0 error(s), 1 left on base; Albuquerque 9 - Mexico City 11
Monday, December 5th, 2016 - OOTP Baseball 17.12 Build 75